 Dungeon Crawl Stone Soup version 0.31-a0-369-g8eba5f6939 (webtiles) character file.

Game seed: 4696366803142845094

9334 LustLizard the Grappler (level 11, 0/74 HPs)
             Began as an Octopode Shapeshifter on July 28, 2023.
             Was a Priest of Uskayaw.
             Slain by a white ugly thing (9 damage)
             ... on level 11 of the Dungeon.
             The game lasted 00:22:04 (12047 turns).

LustLizard the Grappler (Octopode Shapeshifter)    Turns: 12047, Time: 00:22:05

Health: 0/74       AC:  5    Str: 14    XL:     11   Next: 44%
Magic:  22/26      EV: 20    Int: 15    God:    Uskayaw [***...]
Gold:   710        SH:  0    Dex: 19    Spells: 4/10 levels left

rFire   . .          .
                       - Unarmed
rCold   + . .        (no shield)
rNeg    . . .        (helmet currently unavailable)
rPois   .            (no amulet)
rElec   .            f - ring of see invisible
rCorr   .            g - ring of protection from cold
SInv    +            n - ring of magical power
Will    .....        s - +4 ring of protection
Stlth   ++++         w - +5 ring of evasion
HPRegen 0.32/turn    y - +6 ring of dexterity
MPRegen 0.20/turn    (no ring)
                     (no ring)

%: no passive effects
@: beast-form
A: beast (slay +4), almost no armour, amphibious, 8 rings, camouflage 1,
gelatinous body 1, (nimble swimmer 1), tentacles
a: Begin Untransformation, Renounce Religion, Stomp, Line Pass


You were on level 11 of the Dungeon.
You worshipped Uskayaw.
Uskayaw was aware of your devotion.
You were a hulking beast.
You visited 1 branch of the dungeon, and saw 11 of its levels.

You collected 710 gold pieces.

Inventory:

Missiles
 o - 3 throwing nets
 A - 9 poisoned darts
Armour
 q - a +0 buckler
Jewellery
 f - a ring of see invisible (left tentacle)
 g - a ring of protection from cold (right tentacle)
 n - a ring of magical power (on tentacle)
 s - a +4 ring of protection (on tentacle)
 w - a +5 ring of evasion (on tentacle)
 y - a +6 ring of dexterity (on tentacle)
Talismans
 b - a beast talisman
Wands
 t - a wand of flame (3) (quivered)
 x - a wand of roots (5)
 B - a wand of polymorph (5)
 C - a wand of digging (8)
Scrolls
 a - a scroll of revelation
 c - 2 scrolls of teleportation
 i - a scroll of fog {unknown}
 l - a scroll of enchant weapon {unknown}
 m - a scroll of enchant armour {unknown}
 u - a scroll of amnesia
 v - a scroll of acquirement {unknown}
 z - a scroll of silence
Potions
 d - 3 potions of curing
 e - 3 potions of might
 h - a potion of mutation
 j - a potion of enlightenment
 k - 2 potions of brilliance
 p - 3 potions of heal wounds
 r - a potion of ambrosia


   Skills:
 + Level 6.7 Fighting
 + Level 4.1 Dodging
 - Level 4.0 Stealth
 + Level 3.3 Shields
 * Level 10.0 Unarmed Combat
 - Level 2.0 Conjurations
 + Level 3.3 Summonings
 + Level 3.4 Translocations
 * Level 8.0 Invocations
 * Level 7.0 Shapeshifting


You had 4 spell levels left.
You knew the following spells:

 Your Spells              Type           Power      Damage    Failure   Level
a - Magic Dart            Conj           24%        1d4       12%         1
b - Summon Forest         Summ/Tloc      5%         N/A       88%         5

Your spell library contained the following spells:

 Spells                   Type           Power      Damage    Failure   Level
 Apportation              Tloc           20%        N/A       7%          1
 Summon Small Mammal      Summ           40%        N/A       7%          1
 Searing Ray              Conj           12%        2d4       19%         2
 Necrotise                Necr           0%         1d4       26%         1
 Sting                    Tmut/Pois      0%         1d3       26%         1
 Poisonous Vapours        Pois/Air       0%         N/A       38%         2
 Fulminant Prism          Conj/Hex       1%         3d5       87%         4
 Olgreb's Toxic Radiance  Pois           0%         N/A       95%         4
 Summon Mana Viper        Hex/Summ       5%         N/A       98%         5
 Conjure Ball Lightning   Conj/Air       1%         3x3d6     100%        6
 Summon Cactus Giant      Summ           5%         N/A       100%        6
 Discord                  Hex            0%         N/A       100%        8
 Disjunction              Tloc           5%         N/A       100%        8


Dungeon Overview and Level Annotations

Branches:
Dungeon (11/15)            Temple (0/1) D:4            Lair (0/5) D:8
    Orc: D:9-12

Altars:
Fedhas
Kikubaaqudgha
Nemelex Xobeh
Trog
Uskayaw
Vehumet
Wu Jian
Xom
Jiyva

Portals:
Trove: D:10 (give 3 scrolls of blinking)

Annotations:
D:6 Grinder
D:10 3 runed translucent doors, deremet's ghost, journeyman GnDe
D:11 exclusions: two-headed ogre and upstairs


Innate Abilities, Weirdness & Mutations

You are a hulking beast.
Your limbs bulge with bestial killing power. (Slay +4)
You cannot wear most types of armour.
You are amphibious.
You can wear up to eight rings at the same time.
Your skin changes colour to match your surroundings (Stealth+).
Your rubbery body absorbs attacks. (AC +1, EV +1)
((You are camouflaged when in or above water. (Stealth+)))
You have tentacles for arms and can constrict up to eight enemies at once.


Message History

The centaur closely misses you.
Uskayaw will force your foes to helplessly watch your dance.
Uskayaw prepares the audience for your solo!
The helpless centaur fails to defend itself.
You tentacle-slap the centaur.
You kill the centaur!
Your Unarmed Combat skill increases to level 10!
Your Shapeshifting skill increases to level 7!
The white ugly thing is no longer paralysed.
Okay, then.
Okay, then.
Aiming: Magic Dart (safe; 12% risk of failure)
Press: ? - help, Q - select action, (/) - cycle Shift-Dir - straight line, f - white ugly thing
Aim: a white ugly thing (100% to hit)
Okay, then.
Aiming: Throw Flame
Press: ? - help, Q - select action, (/) - cycle Shift-Dir - straight line, f - white ugly thing
Aim: a white ugly thing (68% to hit)
The puff of flame hits the white ugly thing.
The white ugly thing is lightly wounded.
The white ugly thing headbutts you. The white ugly thing freezes you!
You resist.
You bludgeon the white ugly thing! You grab the white ugly thing.
You tentacle-slap the white ugly thing, but do no damage.
The white ugly thing is moderately wounded.
You constrict the white ugly thing, but do no damage.
Uskayaw will force your foes to share their pain.
You barely miss the white ugly thing.
The white ugly thing is moderately wounded.
You constrict the white ugly thing. The white ugly thing headbutts you!
* * * LOW HITPOINT WARNING * * *
The white ugly thing freezes you! You resist.
* * * LOW HITPOINT WARNING * * *
Unknown command.
Okay, then.
Aiming: Line Pass
Press: ? - help, Dir - move target, p - white ugly thing The white ugly thing appears confused.
You constrict the white ugly thing. The white ugly thing headbutts you!
You die...

..............#.......###
........[####.#.......###
.........'.....#......#..
.........####..#......#..
......................'..
####.....###.#.#.....##..
........#..†#.#.....#...
.......u#.###.#.....'.)#
.......h......##....#.#.
#......)#.######......##
#.......#... ..##...#
#.......#........##...##
........#....... #......
........#....... ##.....
........##...... #.....
......... ...... #...##
#.....


You could see a white ugly thing (confused).

Vanquished Creatures
  Erolcha (D:10)
  2 centaur warriors (D:11)
  A gargoyle (D:10)
  2 komodo dragons (D:11)
  An unseen horror (D:10)
  A hornet (D:9)
  17 yaks
  2 wyverns (D:7)
  A wraith (D:9)
  2 steam dragons (D:7)
  Menkaure (D:5)
  A water moccasin (D:7)
  Duvessa (D:7)
  3 sky beasts (D:7)
  An ice beast (D:5)
  An orc warrior (D:9)
  2 centaurs
  2 ogres
  2 phantoms
  A kobold brigand (D:10)
  2 bullfrogs (D:8)
  A gnoll sergeant (D:11)
  7 scorpions
  4 wights (D:9)
  Dowan (D:7)
  2 howler monkeys (D:11)
  5 jellies
  Crazy Yiuf (D:5)
  3 orc priests
  5 hounds
  2 iguanas
  2 sleepcaps
  5 orc wizards
  Robin (D:3)
  7 adders
  8 gnolls
  3 white imps
  An ufetubus (D:4)
  2 worms (D:4)
  A dart slug (D:4)
  25 orcs
  6 ball pythons
  An endoplasm (D:3)
  3 giant cockroaches (D:1)
  15 goblins
  9 hobgoblins
  16 kobolds
  5 quokkas
  9 bats
  A frilled lizard (D:2)
  3 rats
201 creatures vanquished.

Notes
Turn   | Place    | Note
-------+----------+-------------------------------------------
     0 | D:1      | LustLizard the Octopode Shapeshifter began the quest for
                  | the Orb.
     0 | D:1      | Reached XP level 1. HP: 13/13 MP: 1/1
     3 | D:1      | Noticed a demonspawn zombie
     8 | D:1      | Noticed a minotaur zombie
     9 | D:1      | Noticed a demonspawn zombie
    13 | D:1      | Noticed a demonspawn zombie
    13 | D:1      | Noticed a merfolk zombie
    17 | D:1      | Noticed a minotaur zombie
    19 | D:1      | Noticed a demonspawn zombie
   137 | D:1      | Reached XP level 2. HP: 18/18 MP: 2/2
   155 | D:1      | Reached skill level 1 in Stealth
   530 | D:1      | Reached XP level 3. HP: 23/23 MP: 3/3
   680 | D:1      | Found a faded altar of an unknown god.
  1514 | D:3      | Found a hide-covered altar of Uskayaw.
  1519 | D:3      | Became a worshipper of Uskayaw the Reveller
  1578 | D:3      | Reached * piety under Uskayaw
  1580 | D:3      | Reached ** piety under Uskayaw
  1581 | D:3      | Reached XP level 4. HP: 23/29 MP: 4/4
  1644 | D:3      | Reached skill level 4 in Unarmed Combat
  1644 | D:3      | Reached *** piety under Uskayaw
  1646 | D:3      | Reached skill level 1 in Invocations
  1755 | D:3      | Noticed Robin
  1777 | D:3      | Killed Robin
  1778 | D:3      | Reached XP level 5. HP: 27/34 MP: 5/5
  1787 | D:3      | Reached **** piety under Uskayaw
  2546 | D:4      | You fall into a shaft and drop 3 floors!
  2664 | D:7      | Noticed an ogre
  2721 | D:7      | Learned a level 1 spell: Magic Dart
  2744 | D:6      | Reached XP level 6. HP: 13/41 MP: 7/7
  2890 | D:5      | Entered Level 5 of the Dungeon
  3216 | D:4      | Reached skill level 1 in Conjurations
  3328 | D:4      | Found a staircase to the Ecumenical Temple.
  3861 | D:5      | Noticed an ice beast
  3933 | D:5      | Noticed Menkaure
  4175 | D:5      | Reached skill level 5 in Unarmed Combat
  4175 | D:5      | Reached XP level 7. HP: 39/45 MP: 8/8
  4330 | D:5      | Found a sparkling altar of Nemelex Xobeh.
  4531 | D:5      | Found a runed translucent door.
  4532 | D:5      | Noticed Crazy Yiuf
  4740 | D:5      | Killed Menkaure
  5448 | D:5      | Reached skill level 6 in Unarmed Combat
  5448 | D:5      | Reached XP level 8. HP: 52/52 MP: 10/10
  5544 | D:5      | Killed Crazy Yiuf
  6510 | D:6      | Learned a level 5 spell: Summon Forest
  6512 | D:6      | Noticed Grinder
  6963 | D:6      | Found an ornate altar of the Wu Jian Council.
  6963 | D:6      | Found a radiant altar of Vehumet.
  6968 | D:6      | Reached skill level 7 in Unarmed Combat
  7012 | D:6      | Found a shimmering altar of Xom.
  7017 | D:6      | Found a bloodstained altar of Trog.
  7102 | D:7      | Noticed Duvessa
  7114 | D:7      | Noticed Dowan
  7115 | D:7      | Killed Duvessa
  7126 | D:7      | Killed Dowan
  7345 | D:7      | Reached XP level 9. HP: 53/59 MP: 12/12
  7429 | D:7      | Reached skill level 5 in Shapeshifting
  7441 | D:7      | Reached skill level 5 in Invocations
  7444 | D:7      | Reached skill level 5 in Fighting
  7444 | D:7      | Reached ***** piety under Uskayaw
  7529 | D:7      | Reached skill level 8 in Unarmed Combat
  8142 | D:8      | Found a staircase to the Lair.
  8329 | D:8      | Found an ancient bone altar of Kikubaaqudgha.
  8332 | D:8      | Found a blossoming altar of Fedhas.
  8623 | D:8      | Identified the +1 ring mail "Uffyf" {Regen+}
  9126 | D:9      | Reached skill level 1 in Shields
  9126 | D:9      | Reached skill level 1 in Summonings
  9126 | D:9      | Reached skill level 1 in Translocations
  9132 | D:9      | Reached XP level 10. HP: 39/68 MP: 14/14
  9273 | D:9      | Reached skill level 9 in Unarmed Combat
  9474 | D:9      | Identified the +4 flail "Alual" {venom, rN+}
 10459 | D:10     | Entered Level 10 of the Dungeon
 10578 | D:10     | Found a runed translucent gate.
 10814 | D:10     | Found a portal to a secret trove of treasure.
 10861 | D:10     | Noticed a gargoyle
 10866 | D:10     | Noticed Erolcha
 10889 | D:10     | Killed Erolcha
 10901 | D:10     | Killed a gargoyle
 10902 | D:10     | Reached XP level 11. HP: 66/74 MP: 16/16
 10971 | D:10     | Found a runed translucent gate.
 10971 | D:10     | Found a runed translucent gate.
 10972 | D:10     | Found a viscous altar of Jiyva.
 10972 | D:10     | Noticed deremet's ghost (journeyman GnDe)
 10972 | D:10     | Noticed a great orb of eyes
 11283 | D:11     | Noticed a white ugly thing
 11449 | D:11     | Noticed a two-headed ogre
 11657 | D:11     | Noticed a centaur warrior
 11675 | D:11     | Killed a centaur warrior
 11827 | D:11     | Noticed a centaur warrior
 11847 | D:11     | Killed a centaur warrior
 12042 | D:11     | Reached skill level 10 in Unarmed Combat
 12047 | D:11     | Slain by a white ugly thing

Illustrated notes

Levels and vault maps discovered:
D:1:      shiori_arrival_whats_in_store_for_you, layout_rooms,
          hellmonk_ecumenical_altar_zigzags, minmay_misc_feat_nine_boxes,
          feat_on_display
D:2:      layout_basic, serial_bayou, serial_bayou_shore_b,
          serial_bayou_crossing, serial_bayou_shore_a, serial_bayou_lagoon_a,
          serial_bayou_pond_e, serial_bayou_ford_a
D:3:      layout_basic, mainiacjoe_overflow_tiny_flanked, minivault_11,
          grunt_ministairs_10, uniq_robin
D:4:      layout_cave_pools, temple_fountains
D:5:      layout_basic, nemelex_spade_bored_becter, nicolae_zen_rock_garden,
          uniq_crazy_yiuf_cottage, uniq_menkaure
D:6:      cheibrodos_iron_armory, layout_basic,
          nicolae_overflow_macrodata_refinement,
          chequers_temple_overflow_minitemple, hangedman_decor_riveting,
          kennysheep_generic_room_16, uniq_grinder
D:7:      layout_loops_ring, grunt_ministairs_9, st_stairs_1,
          hangedman_misty_isle, uniq_duvessa
D:8:      nicolae_BIG_FREAKIN_CUBE, layout_cave_pods,
          grunt_temple_overflow_growth_and_decay
D:9:      layout_stronghold, minivault_16
D:10:     layout_cave_pools, enter_trove_1, gammafunk_ghost_ooze, uniq_erolcha
D:11:     layout_basic

Skill      XL: |  1  2  3  4  5  6  7  8  9 10 11 |
---------------+----------------------------------+-----
Stealth        | 1 2 3 4 |  4.0
Fighting       | 2 3 4 5 6 |  6.7
Unarmed Combat | 4 5 6 7 8 9 10 | 10.0
Invocations    | 1 2 3 4 6 7 8 |  8.0
Conjurations   | 1 2 |  2.0
Shapeshifting  | 4 5 6 7 |  7.0
Shields        | 1 2 3 |  3.3
Summonings     | 1 2 3 |  3.3
Translocations | 1 2 3 |  3.4
Dodging        | 3 4 |  4.1

Action                     |  1- 3 |  4- 6 |  7- 9 | 10-12 || total
---------------------------+-------+-------+-------+-------++-------
  Melee: Unarmed           |    66 |   108 |   172 |   150 ||   496
         Constrict         |    20 |    29 |    29 |    16 ||    94
         Tentacles         |    12 |    28 |    52 |    52 ||   144
         Punch             |     1 |     5 |    12 |     7 ||    25
  Throw: Dart              |       |       |     2 |     2 ||     4
   Cast: Magic Dart        |       |    38 |   125 |    76 ||   239
 Invoke: Line Pass         |       |       |       |     1 ||     1
  Evoke: Wand              |       |       |       |     5 ||     5
    Use: Scroll            |       |     4 |     7 |     3 ||    14
         Potion            |       |     1 |     1 |       ||     2
   Stab: Sleeping          |     1 |     6 |     1 |     2 ||    10
         Paralysed         |       |     2 |     6 |    12 ||    20
 Armour: Skin              |    11 |    13 |    21 |    11 ||    56
  Dodge: Dodged            |    29 |    35 |    74 |    67 ||   205

Table legend: (Time is in decaauts)
 A = Elapsed time spent in this place.
 B = Non-inter-level travel time spent in this place.
 C = Inter-level travel time spent in this place.
 D = Time resting spent in this place.
 E = Time spent auto-exploring this place.
 F = Levels seen in this place.
 G = Mean time per level.
                   A        B        C        D        E       F      G
               +--------+--------+--------+--------+--------+-----+--------+
         Total |  11991 |  11594 |    397 |   1063 |   8479 |  11 | 1090.1 |
       Dungeon |  11991 |  11594 |    397 |   1063 |   8479 |  11 | 1090.1 |
               +--------+--------+--------+--------+--------+-----+--------+

Top non-repeatable levels by time:
     D:5: 1911 daAuts
     D:6: 1624 daAuts
     D:9: 1408 daAuts
     D:7: 1241 daAuts
     D:3: 1013 daAuts
     D:8: 922 daAuts
    D:10: 832 daAuts
     D:1: 807 daAuts
     D:4: 806 daAuts
    D:11: 721 daAuts
     D:2: 701 daAuts
